 Dungeon Crawl Stone Soup version 0.30-a0-2-gf48d83f5e2 (webtiles) character file.

Game seed: 15692303727271453920

1 frimble the Digger (level 1, 0/13 HPs)
             Began as a Demonspawn Earth Elementalist on Aug 20, 2022.
             Frozen to death by an endoplasm (1 damage)
             ... on level 1 of the Dungeon.
             The game lasted 00:00:05 (26 turns).

frimble the Digger (Demonspawn Earth Elementalist)    Turns: 26, Time: 00:00:05

Health: 0/13       AC:  2    Str:  8    XL:     1   Next: 16%
Magic:  0/3        EV: 12    Int: 16    God:
Gold:   0          SH:  0    Dex: 13    Spells: 3/4 levels left

rFire   . . .      SeeInvis .    (no weapon)
rCold   . . .      Faith    .    (no shield)
rNeg    . . .      Spirit   .    a - +0 robe
rPois   .          Reflect  .    (no helmet)
rElec   .          Harm     .    (no cloak)
rCorr   .          Rampage  .    (no gloves)
Will    .....                    (no boots)
Stlth   ++........               (no amulet)
HPRegen 0.04/turn                (no ring)
MPRegen 0.08/turn                (no ring)

@: very slightly contaminated
A: no striking features
a: no special abilities


You were on level 1 of the Dungeon.
You visited 1 branch of the dungeon, and saw 1 of its levels.

Inventory:

Armour
 a - a +0 robe (worn)
Potions
 b - a potion of magic


   Skills:
 + Level 1.8 Dodging
 + Level 1.8 Stealth
 + Level 2.0 Spellcasting
 + Level 0.9 Transmutations
 + Level 2.7 Earth Magic


You had 3 spell levels left.
You knew the following spells:

 Your Spells              Type           Power      Damage    Failure   Level
a - Sandblast             Erth           20%        2d7       7%          1

Your spell library contained the following spells:

 Spells                   Type           Power      Damage    Failure   Level
 Passwall                 Tmut/Erth      5%         N/A       16%         2
 Stone Arrow              Conj/Erth      10%        3d7       34%         3
 Petrify                  Tmut/Erth      7%         N/A       69%         4


Dungeon Overview and Level Annotations

Branches:
Dungeon (1/15)

Altars:


Message History

An endoplasm comes into view.
The bat hits you.
You closely miss the kobold. The bat barely misses you.
The kobold closely misses you.
The endoplasm quivers.
You hit the kobold but do no damage. The bat barely misses you.
The kobold closely misses you.
You hit the kobold but do no damage. The bat hits you but does no damage.
The kobold hits you with a +0 dagger.
You are too injured to fight recklessly!
Aiming: Sandblast (safe; 7% risk of failure)
Press: ? - help, Q - select action Shift-Dir - straight line, f - kobold
Aim: a kobold, wielding a +0 dagger (77% to hit)
The blast of sand hits the kobold.
You kill the kobold!
The bat hits you.
Aiming: Sandblast (safe; 7% risk of failure)
Press: ? - help, Q - select action Shift-Dir - straight line, f - bat
Aim: a bat (73% to hit)
The blast of sand hits the bat!
You kill the bat!
The endoplasm barely misses you.
Aiming: Sandblast (safe; 7% risk of failure)
Press: ? - help, Q - select action Shift-Dir - straight line, f - endoplasm
Aim: an endoplasm (98% to hit)
You miscast Sandblast.
You are very lightly contaminated with residual magic.
Nothing appears to happen.
The endoplasm freezes you.
You are frozen.
You don't have enough magic to cast this spell.
You don't have enough magic to cast this spell.
You completely miss the endoplasm. The endoplasm freezes you.
You are frozen.
* * * LOW HITPOINT WARNING * * *
You hit the endoplasm but do no damage. The endoplasm freezes you.
You are frozen.
You die...

..........
#.........
#........#
#........#
#........#
#.†......#
#.J).....#
#####.@......#
####.$..........#
#....############
#.#### #.#
##.######
##.......#
#..#####.#
#......#)#


You could see an endoplasm.

Vanquished Creatures
  A bat (D:1)
  A kobold (D:1)
2 creatures vanquished.

Notes
Turn   | Place    | Note
-------+----------+-------------------------------------------
     0 | D:1      | frimble the Demonspawn Earth Elementalist began the quest
                  | for the Orb.
     0 | D:1      | Reached XP level 1. HP: 13/13 MP: 3/3
    26 | D:1      | Frozen to death by an endoplasm

Illustrated notes

Levels and vault maps discovered:
D:1:      dpeg_arrival_orchard, layout_basic,
          chequers_ecumenical_altar_simple_redux

Action                   || total
-------------------------++-------
Melee: Unarmed           ||     7
 Cast: Sandblast         ||     2
Armor: Robe              ||     2
Dodge: Dodged            ||     8

Table legend: (Time is in decaauts)
 A = Elapsed time spent in this place.
 B = Non-inter-level travel time spent in this place.
 C = Inter-level travel time spent in this place.
 D = Time resting spent in this place.
 E = Time spent auto-exploring this place.
 F = Levels seen in this place.
 G = Mean time per level.
                   A        B        C        D        E       F      G
               +--------+--------+--------+--------+--------+-----+--------+
         Total |     27 |     27 |      0 |      0 |     10 |   1 |   27.0 |
       Dungeon |     27 |     27 |      0 |      0 |     10 |   1 |   27.0 |
               +--------+--------+--------+--------+--------+-----+--------+

Top non-repeatable levels by time:
     D:1: 27 daAuts
